[Event "FTX Crypto Cup MCCT 2022"]
[Site "Miami"]
[Date "2022.08.11"]
[Round "1.3"]
[White "Praggnanandhaa R"]
[Black "Firouzja, Alireza"]
[Result "1-0"]
[ECO "C41"]
[WhiteElo "2648"]
[BlackElo "2793"]
[Annotator "TA"]
[PlyCount "151"]
[EventDate "2022.08.10"]
[EventType "tourn"]
[EventCountry "USA"]
[SourceTitle "playchess.com"]
[Source "ChessBase"]
[SourceQuality "1"]
[TimeControl "900+10"]

1. e4 d6 2. d4 Nf6 3. Nc3 e5 4. Nf3 Nbd7 5. Bc4 Be7 6. O-O O-O 7. Re1 c6 8. a4 h6 {[%emt 0:00:03] Nowadays more popular than 8...b6.} 9. h3 Re8 10. a5 {[%emt 0:00:32] C41: Philidor Defence.} Bf8 11. Be3 exd4 12. Bxd4 {[%emt 0:00:08] White is slightly better.} Qc7 13. Ba2 Ne5 14. Nh4 Be6 15. Bxe6 Rxe6 16. Nf5 {[%emt 0:00:23] [#]} g6 $146 ({Predecessor:} 16... Ned7 17. Qd2 Rae8 18. f3 d5 19. exd5 Rxe1+ 20. Rxe1 Rxe1+ 21. Qxe1 Qxa5 22. dxc6 Qxf5 23. cxd7 Nxd7 {0-1 (38) Hund,S (2076)-Janzelj,L (2191) Corte 2022}) 17. Nh4 Nh5 18. g3 Qd8 19. Ng2 Nd7 20. Kh2 Nhf6 21. f4 Bg7 22. Qd3 Qc7 23. Rf1 a6 24. f5 Ne5 25. Bxe5 Rxe5 26. fxg6 fxg6 27. Nh4 Kh7 28. Nf3 Rh5 (28... Re6 $15) 29. Ne2 (29. Nh4 $11 {remains equal.} Re5 30. Rad1) 29... Ng4+ ({Much worse is} 29... Rxa5 $6 30. Rxa5 Qxa5 31. Nf4 $11) (29... d5 $1 $17 30. exd5 Rxd5) 30. Kg2 $11 Ne5 31. Nxe5 Rxe5 32. Rf4 (32. Nf4 $15) 32... Rae8 $17 33. Raf1 R8e7 34. b4 (34. h4 $142) 34... d5 $1 35. Nc3 Qd6 36. R1f3 Qe6 ({And not} 36... Qxb4 37. exd5 Qxc3 38. Qxc3 $15) 37. exd5 cxd5 38. Nd1 Re2+ (38... d4 $142 39. Kh2 Rc7) 39. Nf2 $2 (39. Rf2 $17) 39... d4 40. Qb3 $2 (40. b5) 40... Qc6 $1 $19 41. h4 h5 42. Qd3 $2 (42. Rf7 R2e3 43. Nd3) 42... R7e3 43. Qd1 Qxc2 $2 (43... Kh6 $19 44. Rf7 d3 45. cxd3 Bd4) 44. Qxc2 $15 Rxc2 45. Rf7 Kh6 46. Rxb7 Ree2 (46... Rxf3 $1 $11 47. Kxf3 Rc3+ 48. Kg2 Rc2) 47. Rd7 (47. Rff7 $14 d3 48. b5 axb5 49. a6) 47... d3 (47... Be5 $11 {should be considered.}) 48. Rdxd3 (48. b5 $14 axb5 49. a6) 48... Rb2 $11 49. Rd7 Red2 (49... Rxb4 $11 50. Rff7 Rbb2) 50. Rxd2 $14 Rxd2 {[%emt 0:00:00][%mdl 4096] Endgame KRB-KRN} 51. Kf1 Bd4 52. Nd3 ({White should try} 52. Rf7 $1 $16) 52... g5 $2 {[%emt 0:00:05] [#]} (52... Bc3 $1 $11 {and Black has nothing to worry.}) 53. Nc5 $1 $18 gxh4 54. gxh4 {[%emt 0:00:13] Black must now prevent Nb3.} Bxc5 55. bxc5 {[%emt 0:00:01] Threatens to win with Rf6+. KR-KR} Rc2 56. Rf6+ Kg7 57. Rc6 Kf7 58. Ke1 $2 (58. Rxa6 $18 {Rc6 is the strong threat.} Rxc5 59. Ra8) 58... Ke7 $16 59. Kd1 (59. Rxa6 $16 {Strongly threatening Ra7+.} Rxc5 60. Ra7+ Kd8 61. Kf2) 59... Rc4 $11 60. Kd2 Rxh4 61. Kc3 Ra4 62. Rxa6 h4 63. Kb3 Ra1 64. Kb4 {[%emt 0:00:02] Hoping for Kb5.} Kd7 65. Rh6 Rb1+ 66. Kc4 Rc1+ 67. Kb5 {[%emt 0:00:01] Threatening mate with Rh7+.} Rb1+ 68. Ka6 Ra1 $2 {[%emt 0:00:28][%mdl 8192] [#]} (68... h3 $11) 69. Kb7 $1 {[%emt 0:00:38] White mates.} ({Less strong is} 69. Kb5 Rb1+ 70. Ka6 Kc7 $16) 69... Rb1+ 70. Rb6 Rc1 71. c6+ Kd6 72. Rb2 h3 73. a6 h2 74. Rd2+ Kc5 75. Rxh2 Rb1+ 76. Kc7 {[%emt 0:00:03] A wild game.  Weighted Error Value: White=0.44/Black=0.36} 1-0

[Event "FTX Crypto Cup MCCT 2022"]
[Site "Miami"]
[Date "2022.08.11"]
[Round "1.4"]
[White "Carlsen, Magnus"]
[Black "Giri, Anish"]
[Result "1-0"]
[ECO "A48"]
[WhiteElo "2864"]
[BlackElo "2760"]
[Annotator "TA"]
[PlyCount "59"]
[EventDate "2022.08.10"]
[EventType "tourn"]
[EventCountry "USA"]
[SourceTitle "playchess.com"]
[Source "ChessBase"]
[SourceQuality "1"]
[TimeControl "900+10"]

1. d4 Nf6 2. Nf3 g6 3. Bg5 Bg7 4. Nbd2 h6 5. Bh4 d6 6. e4 g5 7. Bg3 Nh5 8. c3 e6 9. Nc4 {[%emt 0:00:56] A48: 1 d4 Nf6 2 Nf3 g6: Torre, London and Colle Systems.} Nd7 10. Nfd2 Nxg3 11. hxg3 {[%emt 0:00:00] The position is equal.} b6 12. a4 a6 13. Bd3 Bb7 14. Qe2 {[%emt 0:00:04] White is more active.} Qe7 15. Ne3 c5 (15... a5 $14) 16. d5 $16 {[%emt 0:00:02] [#]} Nf6 $146 ({Predecessor:} 16... Kd8 17. O-O-O Kc7 18. Kb1 Rhd8 19. f4 Nf6 20. Rhe1 Qd7 21. dxe6 fxe6 22. Bc2 Qc6 {½-½ (80) Kovacevic,S (2243)-Garza Marco,S (2385) Estadilla 2019}) 17. f4 Qc7 (17... Kf8 $16) 18. O-O-O gxf4 19. gxf4 b5 (19... exd5 $142 20. Nf5 Kf8) 20. dxe6 $18 fxe6 21. e5 dxe5 {[%emt 0:00:18] [#]} 22. Bg6+ Kf8 (22... Ke7 {is a better defense.} 23. f5 (23. fxe5 Nd5 $16) 23... Bd5) 23. f5 ({Stronger than} 23. axb5 exf4 24. Nc2 (24. Ng4 axb5 25. Qxe6 Bc8 $15) 24... axb5 $14) 23... b4 $2 (23... Qe7 24. fxe6 (24. axb5 Nd5 $18) 24... Qxe6 25. axb5 h5) 24. fxe6 bxc3 25. Ndc4 cxb2+ 26. Qxb2 Bc8 27. Qb6 (27. Rd6 $142 Kg8 28. Rf1 Bxe6 29. Rxe6) 27... Qxb6 28. Nxb6 {[%emt 0:00:01] Pair of Knights!} Rb8 29. Nxc8 Rxc8 30. Nf5 {[%emt 0:00:01] White took control after the opening.  Weighted Error Value: White=0.27 (precise) /Black=0.70} 1-0

[Event "FTX Crypto Cup MCCT 2022"]
[Site "Miami"]
[Date "2022.08.11"]
[Round "1.4"]
[White "Firouzja, Alireza"]
[Black "Praggnanandhaa R"]
[Result "1/2-1/2"]
[ECO "B31"]
[WhiteElo "2793"]
[BlackElo "2648"]
[Annotator "TA"]
[PlyCount "108"]
[EventDate "2022.08.10"]
[EventType "tourn"]
[EventCountry "USA"]
[SourceTitle "playchess.com"]
[Source "ChessBase"]
[SourceQuality "1"]
[TimeControl "900+10"]

1. e4 c5 2. Nf3 Nc6 3. Bb5 g6 4. Bxc6 bxc6 5. O-O Bg7 6. Re1 Qc7 {[%emt 0:00:01] B31: Sicilian: 2...Nc6 3 Bb5 g6.} 7. d3 e5 8. b4 (8. c3 $5 ) 8... cxb4 9. a3 bxa3 10. Bxa3 Ne7 11. d4 exd4 12. e5 {[%emt 0:00:30] [#] Prevents d6. Black must now prevent Nbd2.} c5 {[%emt 0:01:17] [#]} 13. c3 $146 ({Predecessor:} 13. Nbd2 Bb7 14. Nb3 O-O 15. Nxc5 Bxf3 16. Qxf3 Rfe8 17. Na6 Qd8 18. Bd6 Rc8 19. Qb7 {½-½ (25) Horwitz,D (2321)-Khairullin,R (2331) ICCF email 2018}) 13... d3 14. Nbd2 Bb7 15. Nb3 O-O 16. Bxc5 Rfe8 17. Qxd3 Nf5 18. g4 Bxf3 19. Qxf3 Nh4 20. Qg3 g5 {[%emt 0:00:30] ...Qc6 is the strong threat.} 21. Bd6 Qb7 22. Nc5 Qc6 23. Ne4 Bxe5 24. Bxe5 {[%emt 0:00:25][%mdl 64] [#] Remove Defender} Rxe5 25. Nxg5 {[%emt 0:00:01][%mdl 64] Remove Defender} Rxg5 26. Qxh4 Rg6 27. Qg3 h5 28. g5 h4 29. Qxh4 Qc5 30. Kh1 Qd5+ 31. Re4 Re8 32. f3 Rxe4 (32... Rge6 {is more complex.} 33. g6 fxg6 34. c4 Qd3) 33. fxe4 ({Much weaker is} 33. Qxe4 Qxg5 34. Qe2 (34. f4 Qg4 $15) 34... a5 $17) 33... Qxg5 (33... Qd2 {looks sharper.} 34. Rb1 Kg7 35. Rg1 a5) 34. Qxg5 Rxg5 35. Rxa7 $11 {[%emt 0:00:00][%mdl 4096] Endgame KR-KR} Rc5 36. Rxd7 Rxc3 37. Rd5 Re3 38. Rg5+ Kh7 39. Rg4 f5 40. exf5 Rf3 41. Rg5 Kh6 42. h4 Rh3+ 43. Kg2 Rxh4 44. Rg6+ Kh7 45. Kf3 Ra4 46. Rg1 Ra3+ 47. Kf4 Ra4+ (47... Kh6 $11) 48. Ke5 (48. Kg5 $14) 48... Ra5+ ({Better is} 48... Kh6 $1 $11) 49. Ke6 (49. Kf6 $1 $14) 49... Ra6+ (49... Kh6 $1 $11) 50. Kd7 (50. Kf7 $1 $14 Ra7+ 51. Kf8 Ra8+ 52. Kf7 Ra7+ 53. Kf8 Ra8+ 54. Kf7 Ra7+) 50... Ra7+ {[%emt 0:00:09] The position is equal.} 51. Kc6 Rf7 52. Rf1 Kg7 53. f6+ Rxf6+ 54. Rxf6 Kxf6 {[%emt 0:00:00] Weighted Error Value: White=0.07 (flawless) /Black=0.08 (flawless)} 1/2-1/2

[Event "FTX Crypto Cup MCCT 2022"]
[Site "Miami"]
[Date "2022.08.11"]
[Round "1.4"]
[White "Le, Quang Liem"]
[Black "Aronian, Levon"]
[Result "1/2-1/2"]
[ECO "E53"]
[WhiteElo "2722"]
[BlackElo "2775"]
[Annotator "TA"]
[PlyCount "118"]
[EventDate "2022.08.10"]
[EventType "tourn"]
[EventCountry "USA"]
[SourceTitle "playchess.com"]
[Source "ChessBase"]
[SourceQuality "1"]
[TimeControl "900+10"]

1. d4 Nf6 2. c4 e6 3. Nc3 Bb4 4. Nf3 c5 5. e3 O-O 6. Bd3 d5 7. a3 cxd4 {[%emt 0:00:18] E53: Nimzo-Indian: Rubinstein: Main Line (4...0-0 5 Nf3 d5 6 Bd3 c5 7 0-0).} 8. axb4 dxc4 {[%emt 0:00:01] [#]} 9. Bxc4 dxc3 {[%emt 0:00:02] The position is equal.} 10. Qc2 Qc7 11. Qxc3 {[%emt 0:00:26] [#]} Nd5 $146 ({Predecessor:} 11... Nbd7 12. Ra5 b6 13. Rg5 Bb7 14. O-O Rac8 15. Bb5 Qxc3 16. bxc3 a6 17. Bxd7 Nxd7 {½-½ (69) Buehler,F (2055)-Hahn,C (2187) Augsburg 2011}) 12. Qb3 Nb6 13. Be2 e5 14. Qc3 Qxc3+ 15. bxc3 f6 16. c4 Be6 17. c5 Nd5 18. Bd2 Rc8 19. O-O a6 20. e4 Nc7 21. Ra3 Nc6 22. Rfa1 Rd8 23. b5 axb5 {[%emt 0:00:04] [#] Hoping for ...Rxa3.} 24. Rxa8 Rxa8 25. Rxa8+ Nxa8 26. Bxb5 Nc7 27. Bf1 (27. Bxc6 $5 bxc6 28. Ba5 $11) 27... Na6 28. Be3 Nab4 29. Ne1 Kf7 30. g3 Na5 31. Bd2 Nbc6 32. f4 Nb3 {[%emt 0:00:19] Pair of Knights!} 33. Be3 {[%emt 0:00:04] Black must now prevent f5.} Ke7 34. Kf2 h6 35. Nf3 g5 36. fxg5 fxg5 37. h4 g4 38. Nd2 Nxd2 39. Bxd2 $11 {[%emt 0:00:00][%mdl 4096] Endgame KBB-KBN} h5 40. Ke3 Nb8 41. Bb4 {[%emt 0:01:36] Threatening c6+.} Kf6 42. Bb5 Bd7 43. Bc4 Bc6 44. Ba5 Nd7 45. Bd8+ Kg6 46. Be7 b6 $1 47. cxb6 Nxb6 48. Bd3 Nd7 49. Bd6 Kf6 50. Ba3 Nb6 51. Kd2 Nd7 (51... Bxe4 $2 52. Bxe4 Ke6 53. Kd3 $18) 52. Kc3 Kg6 53. Bd6 Kf6 54. Bb1 Ke6 55. Bc7 Nc5 {[%emt 0:00:06] Black is slightly better.} 56. Ba2+ Kf6 57. Bd8+ Kg7 58. Bb1 Nxe4+ 59. Bxe4 Bxe4 {[%emt 0:00:00] Weighted Error Value: White=0.05 (flawless) /Black=0.03 (flawless)} 1/2-1/2

[Event "FTX Crypto Cup MCCT 2022"]
[Site "Miami"]
[Date "2022.08.11"]
[Round "2.1"]
[White "Carlsen, Magnus"]
[Black "Niemann, Hans Moke"]
[Result "0-1"]
[ECO "B31"]
[WhiteElo "2864"]
[BlackElo "2688"]
[Annotator "TA"]
[PlyCount "84"]
[EventDate "2022.08.10"]
[EventType "tourn"]
[EventCountry "USA"]
[SourceTitle "playchess.com"]
[Source "ChessBase"]
[SourceQuality "1"]
[TimeControl "900+10"]

1. e4 c5 2. Nf3 Nc6 3. Bb5 g6 4. O-O Bg7 5. Re1 Nf6 6. e5 Nd5 7. Nc3 Nc7 8. Bxc6 dxc6 9. Ne4 b6 10. Nf6+ Kf8 11. Ne4 Bg4 {[%emt 0:00:38] 11...h6 is the hot move.} 12. d3 Ne6 {[%emt 0:00:17] B31: Sicilian: 2...Nc6 3 Bb5 g6.} (12... Bxe5 {is more complex.} 13. Nxe5 Bxd1 14. Bh6+ Kg8) 13. Neg5 Nxg5 14. Bxg5 Qd5 {[%emt 0:00:02] The position is equal.} 15. Re4 Bf5 {[%emt 0:01:09] [#] Hoping for ...h6.} (15... Bxf3 $5 16. Qxf3 Bxe5 $11) 16. c4 {[%emt 0:01:22] [#]} Qe6 $146 {[%emt 0:02:57] aiming for ...h6.} ({Predecessor:} 16... Qd7 17. Re3 Rd8 18. Qe1 h6 19. Bh4 Kg8 20. Rd1 Bg4 21. Bg3 Kh7 22. a3 Bxf3 23. Rxf3 {½-½ (63) Eid,F (2398)-Sebenik,M (2425) Beirut 2003}) 17. Re3 h6 18. Bf4 g5 19. Bg3 Rd8 20. h3 Kg8 $36 {[%emt 0:00:33][%mdl 2048] Black has some pressure.} 21. a3 Kh7 22. b4 Rd7 23. bxc5 bxc5 24. Qb3 Rhd8 25. Rd1 Qg6 26. Ne1 (26. Qa4 $1 $11) 26... h5 $17 27. Nf3 h4 28. Bh2 (28. e6 $17 Bxe6 29. Be5) 28... e6 $19 ({Worse is} 28... Bxd3 29. Qc3 (29. Nxg5+ $2 Qxg5 30. Kh1 Be4 $19)) 29. Qc3 Bf8 ({And not} 29... Bxd3 30. Kh1 $17 (30. Nxg5+ Qxg5 31. Rexd3 Rxd3 $17)) 30. Ne1 g4 31. hxg4 Bxg4 ({Black should play} 31... Qxg4 $19 32. f3 Qd4 33. Qxd4 Rxd4) 32. f3 (32. Rd2 $17 {was called for.}) 32... Bf5 ({Better is} 32... Bh6 $19 33. Re4 Bf5 34. Rxh4 Qg5) 33. f4 $17 Bh6 34. Qa5 Qg4 ({Inferior is} 34... Bxd3 35. Nxd3 Rxd3 36. Rexd3 Rxd3 37. Rxd3 Qxd3 38. Qxc5 $17) 35. Rf3 $2 (35. Ra1) 35... Be4 $19 36. Qxc5 Bxf3 37. Nxf3 h3 {[%emt 0:00:24][%csl Gh3][%cal Rg4g2] [#]} 38. Qf2 Rxd3 39. Rxd3 Rxd3 40. Ne1 Rxa3 {[%emt 0:00:19] And now ...Bf8 would win.} 41. Qb2 Re3 42. Kf2 Bxf4 {[%emt 0:00:15] Weighted Error Value: White=0.71/Black=0.07 (flawless)} 0-1

[Event "FTX Crypto Cup MCCT 2022"]
[Site "Miami"]
[Date "2022.08.11"]
[Round "2.1"]
[White "Firouzja, Alireza"]
[Black "Le, Quang Liem"]
[Result "1/2-1/2"]
[ECO "C93"]
[WhiteElo "2793"]
[BlackElo "2722"]
[Annotator "TA"]
[PlyCount "88"]
[EventDate "2022.08.10"]
[EventType "tourn"]
[EventCountry "USA"]
[SourceTitle "playchess.com"]
[Source "ChessBase"]
[SourceQuality "1"]
[TimeControl "900+10"]

1. e4 e5 2. Nf3 Nc6 3. Bb5 a6 4. Ba4 Nf6 5. O-O Be7 6. Re1 b5 7. Bb3 d6 8. c3 O-O 9. h3 Bb7 10. d4 Re8 11. Nbd2 Bf8 12. a3 h6 13. Bc2 Nb8 14. b3 Nbd7 15. Bb2 g6 16. a4 {[%emt 0:00:13] 16.Bd3 is vanishing.} Bg7 {[%emt 0:00:03] C93: Closed Ruy Lopez: Smyslov Variation.} 17. Bd3 bxa4 18. Rxa4 d5 19. dxe5 Nxe4 20. Nxe4 dxe4 21. Bxe4 Bxe4 22. Raxe4 {[%emt 0:00:02] [#] Black must now prevent Rd4.} Nxe5 $1 {[%emt 0:00:27] [#] The position is equal.} 23. Nxe5 $146 (23. Rxe5 {seems wilder.} Bxe5 24. Qxd8 Raxd8 25. Rxe5 Rd1+ 26. Kh2) ({Predecessor:} 23. Nd2 Qd7 24. c4 Nf3+ {½-½ (24) Neborak,Y (2332)-Eremin,N (2074) ICCF email 2013}) 23... Qxd1 24. Rxd1 Rxe5 25. Rxe5 Bxe5 $11 {[%emt 0:00:00][%mdl 4096] Endgame KRB-KRB} 26. Rd5 Bg7 27. Kf1 a5 28. Rb5 {[%emt 0:01:09] Inhibits Rb8.} Kf8 29. Ke2 Ke8 30. Kd3 Kd7 31. Bc1 a4 {[%emt 0:01:48] [#] Threatens to win with ...a3.} 32. b4 a3 {[%emt 0:00:11] Hoping for ...a2.} 33. Ra5 Rxa5 34. bxa5 {[%emt 0:00:01] KB-KB} Bf8 (34... a2 $5 35. Bb2 Kc6 $11) 35. Kc2 Kc6 (35... a2 $5 36. Bb2 Kc6 $11) 36. c4 Kb7 (36... a2 $5 37. Bb2 Bb4 $11) 37. Kb3 Ka6 38. Bd2 h5 39. f3 Bd6 40. Be1 c6 41. Bd2 Be7 42. Be1 Bd6 43. Bd2 Be7 44. Be1 Bd6 {[%emt 0:00:01] An interesting draw.  Weighted Error Value: White=0.02 (flawless) /Black=0.01 (flawless)} 1/2-1/2

[Event "FTX Crypto Cup MCCT 2022"]
[Site "Miami"]
[Date "2022.08.11"]
[Round "2.1"]
[White "Praggnanandhaa R"]
[Black "Giri, Anish"]
[Result "1/2-1/2"]
[ECO "C77"]
[WhiteElo "2648"]
[BlackElo "2760"]
[Annotator "TA"]
[PlyCount "91"]
[EventDate "2022.08.10"]
[EventType "tourn"]
[EventCountry "USA"]
[SourceTitle "playchess.com"]
[Source "ChessBase"]
[SourceQuality "1"]
[TimeControl "900+10"]

1. e4 e5 2. Nf3 Nc6 3. Bb5 a6 4. Ba4 Nf6 5. d3 Bc5 6. c3 O-O {[%emt 0:00:15] C77: Ruy Lopez: 3...a6 4 Ba4 Nf6, unusual lines.} 7. O-O d5 8. Qe2 {[%emt 0:01:57] [#]} dxe4 $146 ({Predecessor:} 8... Re8 9. Nbd2 Bg4 10. h3 Bh5 11. Re1 Ba7 12. Nf1 Bg6 13. Ng3 Nh5 14. Nxh5 Bxh5 {0-1 (46) Sztokbant,B (2190)-Dubov,D (2711) Chess.com INT 2022}) 9. dxe4 Qe7 10. Bg5 Nd8 11. Bh4 (11. Nh4 $11) 11... Ne6 $1 $15 12. Bg3 Bd6 (12... Nh5 $5 ) 13. Nbd2 Nh5 14. b4 ({Don't go for} 14. Bxe5 $2 Bxe5 15. g3 {[#]} (15. Nxe5 $2 Nef4 $19) 15... Bf4 $1 $19 ) ({White should play} 14. Nc4 $15) 14... Nef4 15. Qe3 b5 {[%emt 0:00:49] Inhibits Nc4.} 16. Bh4 (16. Bb3 $15) 16... Nf6 (16... f6 $17 17. Bb3+ Be6) 17. Bb3 Ng6 (17... a5 $15 18. a3 Bd7) 18. Bg3 (18. Bxf6 $11 Qxf6 19. a4) 18... c5 19. a4 bxa4 20. Bxa4 cxb4 21. cxb4 Bxb4 22. Nc4 Bc5 23. Qe1 (23. Qe2 $15 {deserves consideration.}) 23... Nh5 (23... a5 $17 {Threatens to win with ...Ba6.} 24. Qb1 Bb7 25. Ncxe5 Nxe5 26. Nxe5 Bd4) 24. Nfxe5 Nxg3 25. Nxg6 hxg6 26. hxg3 Be6 {[%emt 0:00:02] This bishop pair is nice.} (26... a5 $5 ) 27. Ne3 Qg5 28. Bc6 Rac8 29. Bb7 Bxe3 (29... Rb8 {with more complications.} 30. Bd5 Bxd5 31. Nxd5 Qxg3 32. Rxa6 Qd3) 30. Qxe3 ({But not} 30. Bxc8 $2 Bd2 31. Qe2 Bxc8 $19) 30... Qxe3 31. fxe3 Rc3 32. Rfe1 Rb8 33. Bxa6 Rb4 34. Rac1 Rxc1 35. Rxc1 Rxe4 $11 {[%emt 0:00:00][%mdl 4096] Endgame KRB-KRB} 36. Rc3 g5 37. Bc8 {[%emt 0:00:32] The position is equal.} g6 38. Bxe6 Rxe6 {[%emt 0:00:00] KR-KR} 39. Kf2 Kg7 40. g4 Re5 41. Kf3 Kf6 42. Rc6+ Ke7 43. Rc7+ $1 Kf6 44. Rc6+ $1 Ke7 45. Rc7+ Kf6 46. Rc6+ {[%emt 0:00:00] Weighted Error Value: White=0.13 (very precise) /Black=0.12 (very precise)} 1/2-1/2

[Event "FTX Crypto Cup MCCT 2022"]
[Site "Miami"]
[Date "2022.08.11"]
[Round "2.2"]
[White "Aronian, Levon"]
[Black "Duda, Jan-Krzysztof"]
[Result "0-1"]
[ECO "D31"]
[WhiteElo "2775"]
[BlackElo "2750"]
[Annotator "TA"]
[PlyCount "170"]
[EventDate "2022.08.10"]
[EventType "tourn"]
[EventCountry "USA"]
[SourceTitle "playchess.com"]
[Source "ChessBase"]
[SourceQuality "1"]
[TimeControl "900+10"]

1. c4 e6 2. Nc3 d5 3. d4 c6 4. e3 Nf6 5. Bd2 Nbd7 6. Rc1 Be7 7. Bd3 a6 8. cxd5 exd5 9. Nge2 O-O 10. O-O Re8 11. Ng3 Nf8 12. Nce2 g6 13. Nf4 h5 14. Nge2 (14. f3 $11 {is superior.}) 14... Ne4 (14... g5 $15 15. Nh3 Bxh3 16. gxh3 Qd7) 15. Be1 Nd6 16. f3 (16. Bb4 $11) 16... Bf5 17. Bf2 Bg5 18. Re1 Ne6 (18... Bxd3 {with more complications.} 19. Qxd3 Bh6 20. Nc3 Bxf4 21. exf4 Rxe1+ 22. Rxe1 Qf6) 19. b3 Nxf4 (19... Qf6 {seems wilder.} 20. Qd2 Rad8 21. Bxf5 Nxf5 22. Nd3 Bh6) 20. Nxf4 Bxf4 21. exf4 Rxe1+ 22. Bxe1 Bxd3 23. Qxd3 Qf6 24. g3 Re8 25. Bf2 Nf5 26. Qd2 Re6 27. Kg2 Qe7 28. Kf1 Kf8 29. Re1 Rxe1+ 30. Bxe1 Ke8 31. Bf2 Kd7 32. h3 Ng7 33. g4 f5 34. g5 Ne6 35. h4 Qa3 36. Kg2 a5 37. Kg3 Qd6 ({Better is} 37... b6 $17) 38. Be3 (38. Qxa5 $11 {remains equal.} Nxf4 39. Qd2 Ne6+ 40. Kg2) 38... Qb4 $1 $17 39. Qd3 (39. Qb2 $17 {is a better defense.}) 39... Qe1+ $19 40. Bf2 Qc1 $1 (40... Qh1 41. Qe3 $11) 41. Be3 {[%emt 0:00:02] [#]} Qb2 $1 (41... Qe1+ 42. Bf2 Qc1 43. Qe3 Qxe3 44. Bxe3 $17) 42. a4 Kc7 (42... Kd6 $19 {is more deadly. White must now prevent ...Kd7.} 43. Qd1 Qc3) 43. Bf2 $17 Qc1 44. Be3 Qb2 45. Bf2 $1 {[%emt 0:00:03] [#]} Kd6 (45... Qa3 $1 $17) 46. Qe3 $11 Kd7 47. Qe5 $1 Qd2 (47... Qxb3 $2 48. Qf6 Qxa4 49. Qf7+ (49. Qxg6 Qb4 $14) 49... Kd6 50. Qxg6 $16) 48. Qb8 Qb4 49. Qg8 Nf8 (49... Qd2 $2 50. Qf7+ (50. Qxg6 Qxf4+ 51. Kg2 Qd6 $18) 50... Kd6 51. Qxg6 Qxf4+ 52. Kg2 $18) 50. Qg7+ ({White should play} 50. Qh8 $1 $11) 50... Qe7 $1 $15 51. Qh8 Ke8 52. Kg2 Kf7 53. Qe5 Qxe5 $1 ({Reject} 53... Ne6 54. Be1 $11) 54. fxe5 Ne6 55. Kf1 $1 Ke7 56. Ke2 Kd7 57. Kd3 b5 (57... b6 $15) 58. Be3 (58. b4 $1 $11) 58... f4 $15 59. Bf2 Kc7 60. Be1 Kb6 61. Bf2 Ka6 62. Kc3 Kb7 (62... b4+ $15 63. Kd3 Kb6) 63. Kd3 (63. b4 $1 $11 {might be stronger.}) 63... Kc8 64. Kc3 b4+ $1 65. Kd3 Ng7 66. Be1 Nf5 67. Bd2 $2 (67. Bf2 $15) 67... Kd7 $2 ({Black should try} 67... Nxh4 $19 68. Ke2 Nf5) 68. Bxf4 $2 (68. Be1 $1 $15) 68... Nxh4 $19 69. Ke2 (69. e6+ $142 Kxe6 70. Bc7) 69... Ke6 $19 70. Be3 Nf5 71. f4 Ng7 72. Kf3 Kf5 73. Bf2 Ne6 74. Be3 Nc7 (74... c5 $142 75. dxc5 d4) 75. Bf2 $19 Ne6 (75... h4 $142 76. Bxh4 Ne6) 76. Be3 $19 c5 77. dxc5 d4 78. Bf2 Nxc5 79. Bxd4 Nxb3 80. Bf2 Nd2+ 81. Ke3 Ne4 82. Be1 Nc5 83. Kd4 Nxa4 84. Bf2 b3 85. Kd3 b2 0-1

[Event "FTX Crypto Cup MCCT 2022"]
[Site "Miami"]
[Date "2022.08.11"]
[Round "2.2"]
[White "Giri, Anish"]
[Black "Praggnanandhaa R"]
[Result "1/2-1/2"]
[ECO "A09"]
[WhiteElo "2760"]
[BlackElo "2648"]
[Annotator "TA"]
[PlyCount "67"]
[EventDate "2022.08.10"]
[EventType "tourn"]
[EventCountry "USA"]
[SourceTitle "playchess.com"]
[Source "ChessBase"]
[SourceQuality "1"]
[TimeControl "900+10"]

1. Nf3 d5 2. g3 c5 3. Bg2 Nf6 4. O-O e6 5. c4 d4 6. d3 Nc6 7. e3 {[%emt 0:00:00] A09: Réti Opening: 1 Nf3 d5 2 c4.} Be7 8. Re1 O-O 9. exd4 cxd4 10. Na3 Bc5 {[%emt 0:00:03] [#]} 11. Ne5 $146 ({Predecessor:} 11. Nc2 a5 12. Rb1 Re8 13. a3 a4 14. Ne5 Nxe5 15. Rxe5 Nd7 16. Re1 e5 17. Nb4 {½-½ (38) Indjic,A (2621)-Gukesh,D (2659) Sharjah 2022}) 11... Nxe5 12. Rxe5 Nd7 13. Re1 Re8 14. Bd2 Bxa3 15. bxa3 Rb8 16. Qa4 b6 17. Qxa7 {[%emt 0:01:13] [#] Black must now prevent Bf4.} Bb7 $1 18. Qa4 ({Much worse is} 18. Bxb7 Nc5 19. Bg2 Re7 20. Qxe7 Qxe7 $17) (18. Bb4 $5 ) 18... Bxg2 19. Kxg2 Ra8 20. Qc2 Rxa3 {[%emt 0:00:08] aiming for ...Qa8+.} 21. Bb4 Qa8+ 22. Kg1 Ra4 23. a3 Nb8 24. Rab1 Nc6 25. Bd6 Ra6 26. Rb5 Rd8 27. Bb4 h6 28. Qe2 Qc8 29. f4 Qd7 30. Qf3 (30. Qe4 $5 ) 30... Na7 {[%emt 0:01:23] The position is equal.} 31. Rbe5 Nc6 32. Rb5 Na7 33. Rbe5 Nc6 34. Rb5 {[%emt 0:00:02] Weighted Error Value: White=0.05 (flawless) /Black=0.04 (flawless)} 1/2-1/2